 Dungeon Crawl Stone Soup version 0.26-b1-32-g5d43845318 (webtiles) character file.

Game seed: 4656247389358339942

6 sanka the Gusty (level 1, -5/13 HPs)
             Began as a Barachi Air Elementalist on Jan 9, 2021.
             Slain by a gnoll
             ... wielding a +0 whip
              (7 damage)
             ... on level 1 of the Dungeon.
             The game lasted 00:00:57 (155 turns).

sanka the Gusty (Barachi Air Elementalist)           Turns: 155, Time: 00:00:58

Health: -5/13      AC:  2    Str:  9    XL:     1   Next: 90%
Magic:  1/3        EV: 12    Int: 15    God:
Gold:   0          SH:  0    Dex: 12    Spells: 3/4 levels left

rFire    . . .     SeeInvis .   (no weapon)
rCold    . . .     Faith    .   (no shield)
rNeg     . . .     Spirit   .   a - +0 robe
rPois    .         Reflect  .   (no helmet)
rElec    .         Harm     .   (no cloak)
rCorr    .         Rampage  .   (no gloves)
Will     .....     Rnd*Tele +   (no boots)
Stlth    ++........             (no amulet)
HPRegen  0.04/turn              (no ring)
MPRegen  0.08/turn              d - ring of teleportation (curse)

@: slow
A: +LOS, swims, slowness 1, strong legs 1
a: Hop


You were on level 1 of the Dungeon.
You visited 1 branch of the dungeon, and saw 1 of its levels.


Innate Abilities, Weirdness & Mutations

You can be seen from farther away. (+LOS)
You can swim through water.
You cover ground slowly.
You can hop short distances.


   Skills:
 - Level 2.1 Dodging
 - Level 1.7 Stealth
 + Level 2.3 Spellcasting
 + Level 1.4 Conjurations
 + Level 3.4 Air Magic


You had 3 spell levels left.
You knew the following spells:

 Your Spells              Type           Power        Failure   Level
z - Shock                 Conj/Air       36%          8%          1

Your spell library contained the following spells:

 Spells                   Type           Power        Failure   Level
 Swiftness                Air            12%          8%          2
 Static Discharge         Conj/Air       9%           24%         3
 Airstrike                Air            6%           45%         4
 Lightning Bolt           Conj/Air       4%           91%         5

Inventory:

Armour
 a - a +0 robe (worn)
Jewellery
 d - a cursed ring of teleportation (right hand)
Potions
 b - a potion of might {unknown}
 c - 2 potions of brilliance {unknown}

Dungeon Overview and Level Annotations

Branches:
Dungeon (1/15)

Altars:

.. .▒ ▒▒▒ .▒ ..▒
.▒▒▒▒ ▒▒▒.▒ .... ▒
...▒ ..▒
▒.▒▒▒▒▒▒.▒▒▒▒▒▒.▒
▒.....g..K......▒
▒....Fll.▒▒.▒▒.▒▒▒..▒
▒.▒.▒▒r▒..........l.▒
.. ?.▒...▒.▒▒K▒▒▒..▒
▒..▒.▒▒(▒..▒†▒?... ..
... ▒£▒▒.▒..▒.▒......
...
▒(£▒...▒.▒.▒▒▒▒..▒
.....▒.▒▒.▒..▒.▒..
...
.▒...........▒.▒.. ..
...?....▒...▒)▒.▒▒▒▒▒
.


You could see a gnoll, a leopard gecko, a kobold, a frilled lizard and a rat.


Message History

The frilled lizard barely misses you.
A gnoll comes into view. It is wielding a +0 whip.
You hit the rat but do no damage. The rat bites you but does no damage.
The gnoll shouts!
You hear an angry hiss.
You hear a shout!
A leopard gecko comes into view.
Found a scroll labelled EFUGHIOHAI.
The rat bites you.
* * * LOW HITPOINT WARNING * * *
Found a scroll labelled PEUS FIEZYWK.
The rat twitches its whiskers.
A kobold comes into view. It is wielding a -3 dagger.
The gnoll hits you with a +0 whip.
* * * LOW HITPOINT WARNING * * *
The leopard gecko barely misses you.
You see here a knobbly peridot ring.
d - a knobbly peridot ring The gnoll hits you but does no damage.
The leopard gecko barely misses you.
Put ring on which hand? (Esc to cancel) < - no ring (left) > - no ring (right)
You feel slightly jumpy.
Oops, that ring feels deathly cold.
d - a cursed ring of teleportation (right hand)
The gnoll hits you with a +0 whip!
Ouch! That really hurt!
You die...

Action                   || total
-------------------------++-------
Melee: Unarmed           ||    11
 Cast: Shock             ||     7
Armor: Robe              ||    11
Dodge: Dodged            ||    31

Levels and vault maps discovered:
D:1:      lightli_arrival_statue_moat, layout_basic, minmay_small_reverse_x

Notes
Turn   | Place    | Note
-------+----------+-------------------------------------------
     0 | D:1      | sanka the Barachi Air Elementalist began the quest for the
                  | Orb.
     0 | D:1      | Reached XP level 1. HP: 13/13 MP: 3/3
   149 | D:1      | HP: 1/13 [gnoll/+0 whip (1)]
   155 | D:1      | Slain by a gnoll

Vanquished Creatures
  A hobgoblin (D:1)
  3 bats (D:1)
  2 kobolds (D:1)
  A rat (D:1)
7 creatures vanquished.

Table legend: (Time is in decaauts)
 A = Elapsed time spent in this place.
 B = Non-inter-level travel time spent in this place.
 C = Inter-level travel time spent in this place.
 D = Time resting spent in this place.
 E = Time spent auto-exploring this place.
 F = Levels seen in this place.
 G = Mean time per level.
                   A        B        C        D        E       F      G
               +--------+--------+--------+--------+--------+-----+--------+
         Total |    174 |    174 |      0 |     31 |     86 |   1 |  174.0 |
       Dungeon |    174 |    174 |      0 |     31 |     86 |   1 |  174.0 |
               +--------+--------+--------+--------+--------+-----+--------+

Top non-repeatable levels by time:
     D:1: 174 daAuts
